[Event "*** SCC Grand Prix: Titled Tuesday Blitz"]
[Site "Chess.com"]
[Date "2020.08.04"]
[Round "8"]
[White "MarcoRiehle"]
[Black "Guenplen"]
[Result "0-1"]
[WhiteElo "2736"]
[BlackElo "2849"]
[TimeControl "180+1"]
[EndTime "15:17:20 PDT"]
[Termination "Guenplen won by resignation"]

1. e4 c5 2. a3 e6 3. b4 cxb4 4. axb4 d5 5. exd5 exd5 6. b5 Nf6 7. Nf3 Bd6 8. Be2 O-O 9. O-O Nbd7 10. d4 Ne4 11. c4 dxc4 12. Bxc4 Nb6 13. Bd3 Nf6 14.
h3 h6 15. Nbd2 Be6 16. Re1 Bd5 17. Ne5 Re8 18. Ndf3 Qc7 19. Bb2 Re7 20. Rc1 Qd8 21. Bb1 Rc8 22. Rxc8 Qxc8 23. Qd3 Bc4 24. Nxc4 Rxe1+ 25. Nxe1 Qxc4 26. Nf3 a5 27. bxa6 bxa6 28. d5 Qxd3 29.
Bxd3 a5 30. Bxf6 gxf6 31. Nd4 Nxd5 32. Bc4 Nb6 33. Ba2 a4 34. Nc6 a3 35. Nd8 Be7 36.
Nxf7 Kg7 37. f4 Na4 38. g4 Nc3 39. Bb3 a2 40. Bxa2 Nxa2 41. g5 Kxf7 42. gxh6 0-1

[Event "*** SCC Grand Prix: Titled Tuesday Blitz"]
[Site "Chess.com"]
[Date "2020.08.04"]
[Round "8"]
[White "XiaoKangZhong"]
[Black "realmadridtv"]
[Result "1-0"]
[WhiteElo "2421"]
[BlackElo "2470"]
[TimeControl "180+1"]
[EndTime "15:17:20 PDT"]
[Termination "XiaoKangZhong won on time"]

1. e4 e5 2. Nf3 Nc6 3. Bc4 Bc5 4. c3 Nf6 5. d3 d6 6. Nbd2 a6 7. Bb3 Ba7 8. O-O h6 9. Re1 g5 10. Nf1 g4 11. N3d2 h5 12. Ne3 h4 13.
g3 Be6 14. Ndf1 Qe7 15. Bxe6 fxe6 16. Nxg4 Nxg4 17. Qxg4 O-O-O 18. Be3 Rdg8 19. Qf3 hxg3 20. fxg3 Bxe3+ 21. Qxe3 Qh7 22. Qd2 Rg4 23. Re2 Ne7 24.
Rf2 Ng6 25. Qe2 Qh3 26. Kh1 Rg5 27. Qe3 Qg4 28. Qf3 Qh3 29. Qf6 Qg4 30. Ne3 Qxg3 31. Rg2 Rxh2+ 32. Rxh2 Qxe3 33. Rf1 Kb8 34. Rg2 Rh5+ 35.
Rh2 1-0

[Event "*** SCC Grand Prix: Titled Tuesday Blitz"]
[Site "Chess.com"]
[Date "2020.08.04"]
[Round "8"]
[White "DrMamaliga"]
[Black "spacegirl987"]
[Result "1-0"]
[WhiteElo "2172"]
[BlackElo "1936"]
[TimeControl "180+1"]
[EndTime "15:17:23 PDT"]
[Termination "DrMamaliga won on time"]

1. e4 c5 2. Nc3 Nc6 3. g3 g6 4. Bg2 Bg7 5. d3 Nf6 6. f4 O-O 7. e5 Ne8 8. Nf3 d6 9. exd6 Nxd6 10. O-O Nf5 11. Ne4 b6 12. c3 Ba6 13. Nf2 Rc8 14. Qc2 Qd7 15. g4 Nd6 16. Re1 Rfe8 17. Be3 e5 18.
Rad1 exf4 19. Bxf4 Rxe1+ 20. Rxe1 Re8 21. Rxe8+ Nxe8 22.
Qe2 Nf6 23. h3 Nd5 24. Bd2 Qd6 25. Ne4 Qd7 26. g5 Ne5 27. Nxe5 Bxe5 28. Qf3 Bc7 29. c4 Kg7 30. cxd5 Qxd5 31. Bc3+ Kf8 32. Nf6 Qxd3 33.
Qxd3 Bxd3 34. Nxh7+ Kg8 35. Nf6+ Kf8 36. Be4 Bxe4 37.
Nxe4 Ke7 38. Kf2 Ke6 39. Ke3 Bh2 40. Nf2 Bg3 41. Ng4 1-0

[Event "*** SCC Grand Prix: Titled Tuesday Blitz"]
[Site "Chess.com"]
[Date "2020.08.04"]
[Round "8"]
[White "ahachess"]
[Black "Eternauta2400"]
[Result "0-1"]
[WhiteElo "2295"]
[BlackElo "2536"]
[TimeControl "180+1"]
[EndTime "15:17:25 PDT"]
[Termination "Eternauta2400 won on time"]

1. d4 Nf6 2. c4 e6 3. Nc3 Bb4 4. Qc2 O-O 5. a3 Bxc3+ 6. Qxc3 d6 7. Bg5 Nbd7 8. e3 b6 9. Qc2 Bb7 10. Ne2 h6 11. Bh4 Rc8 12. Nc3 c5 13. Rd1 cxd4 14. Rxd4 Ne5 15. Bg3 Qe7 16. f3 Rfd8 17. Be2 Ng6 18.
O-O d5 19. Rfd1 dxc4 20. Rxd8+ Rxd8 21. Bxc4 Rxd1+ 22. Qxd1 Qc5 23. Qd3 Ne5 24. Bxe5 Qxe5 25. Qd8+ Kh7 26. Qd3+ g6 27. h3 Kg7 28. Kf2 Nh5 29. Qd7 Qg3+ 30. Kf1 Bxf3 31. gxf3 Qxf3+ 32. Ke1 Qxe3+ 33. Ne2 a5 34. Qd4+ Qxd4 35. Nxd4 Nf4 36. Bf1 Kf6 37. Kf2 Ke5 38. Nf3+ Kd5 39. Ke3 g5 40. h4 f6 41. hxg5 hxg5 42. Nd2 Ng6 43.
Bc4+ Kd6 44. Ne4+ Ke5 45. Nd2 Ne7 46. Nf3+ Kd6 0-1

[Event "*** SCC Grand Prix: Titled Tuesday Blitz"]
[Site "Chess.com"]
[Date "2020.08.04"]
[Round "8"]
[White "Batsai"]
[Black "KatarinaOstojic"]
[Result "1-0"]
[WhiteElo "2344"]
[BlackElo "2214"]
[TimeControl "180+1"]
[EndTime "15:17:26 PDT"]
[Termination "Batsai won by resignation"]

1. d4 f5 2. Bg5 g6 3. Nd2 Bg7 4. e4 d6 5. Ngf3 Nc6 6. c3 Nf6 7. exf5 Bxf5 8. Bc4 d5 9. Bb5 Bd7 10. O-O O-O 11. Re1 a6 12. Ba4 h6 13. Bh4 g5 14.
Bg3 Qe8 15. Bxc6 Bxc6 16. Bxc7 Ne4 17. Be5 Qh5 18. Bxg7 Kxg7 19. Nxe4 dxe4 20. Ne5 Qh4 21. Qe2 Rad8 22. g3 Qh3 23. Nxc6 bxc6 24. Qxe4 Rf7 25.
Qxc6 Rxf2 26. Rxe7+ Kf8 27. Kxf2 Qxh2+ 28. Qg2 Qxg2+ 29.
Kxg2 Kxe7 30. Rh1 Rd6 31. Kf3 Re6 32. Rh2 Kd6 33. Re2 Rg6 34. Kg4 1-0

[Event "*** SCC Grand Prix: Titled Tuesday Blitz"]
[Site "Chess.com"]
[Date "2020.08.04"]
[Round "8"]
[White "Nara_Kh"]
[Black "Resignify"]
[Result "1-0"]
[WhiteElo "2328"]
[BlackElo "2202"]
[TimeControl "180+1"]
[EndTime "15:17:29 PDT"]
[Termination "Nara_Kh won by checkmate"]

1. e4 d6 2. d4 Nf6 3. Nc3 g6 4. Nf3 Bg7 5. Be3 O-O 6. h3 Nc6 7. Qd2 e5 8. O-O-O Qe8 9. d5 Ne7 10. g4 a6 11. Bh6 Kh8 12. Bxg7+ Kxg7 13. Bd3 Nfg8 14. Rdg1 Bd7 15. h4 f6 16. g5 f5 17.
h5 fxe4 18. Bxe4 Rf4 19. Qd3 Bf5 20. Nh4 Bxe4 21. Nxe4 Qf7 22. Nf6 Nxf6 23. gxf6+ Qxf6 24. hxg6 h6 25. Ng2 Rf3 26. Ne3 Rf8 27. Qf1 Qf4 28. Kb1 Rxf2 29. Qh3 Nxg6 30. Qd7+ Rf7 31. Qe6 Qf6 32. Qh3 Rf3 33. Qxh6+ Kg8 34. Rxg6+ Qxg6 35. Qh8# 1-0

[Event "*** SCC Grand Prix: Titled Tuesday Blitz"]
[Site "Chess.com"]
[Date "2020.08.04"]
[Round "8"]
[White "KarstenHansch"]
[Black "VladaSviridova"]
[Result "1-0"]
[WhiteElo "2411"]
[BlackElo "2190"]
[TimeControl "180+1"]
[EndTime "15:17:33 PDT"]
[Termination "KarstenHansch won by resignation"]

1. e4 e6 2. d4 d5 3. exd5 exd5 4. Nf3 Bd6 5. c4 Nf6 6. Nc3 dxc4 7. Bxc4 O-O 8. O-O Nc6 9. h3 h6 10. Qc2 Nb4 11. Qb1 Be6 12. Bxe6 fxe6 13. Re1 Qd7 14. a3 Nbd5 15. Ne5 Bxe5 16. dxe5 Nxc3 17. bxc3 Nd5 18. c4 Nf4 19. Qxb7 Qd4 20. Be3 Qxc4 21. Rac1 Qd5 22. Rxc7 Qxb7 23. Rxb7 Nd5 24. Rxa7 Rxa7 25.
Bxa7 Rc8 26. Ra1 Rc7 27. Bb8 Rb7 28. Bd6 Nc3 29. a4 Ne2+ 30. Kf1 Nd4 31. a5 Nb3 32.
a6 Ra7 33. Ra3 Nd2+ 34. Ke2 Nc4 35. Ra4 Nxd6 36. exd6 Kf7 37. Ke3 Ke8 38. Ke4 Kd7 39. Ke5 Ra8 40. a7 g6 41. Ra6 h5 42. h4 Rf8 43.
a8=Q Rf5+ 44. Ke4 1-0

[Event "*** SCC Grand Prix: Titled Tuesday Blitz"]
[Site "Chess.com"]
[Date "2020.08.04"]
[Round "8"]
[White "Andreikka"]
[Black "German_Bazeev"]
[Result "1-0"]
[WhiteElo "2854"]
[BlackElo "2742"]
[TimeControl "180+1"]
[EndTime "15:17:34 PDT"]
[Termination "Andreikka won on time"]

1. e4 e5 2. Nf3 Nc6 3. Bb5 a6 4. Ba4 Nf6 5. d3 Bc5 6. O-O d6 7. c3 Bg4 8. h3 Bh5 9. Nbd2 O-O 10.
Re1 Kh8 11. Nf1 b5 12. Bb3 Ne7 13. Ng3 Bg6 14. Bg5 Nd7 15. d4 Bb6 16. Nh4 f6 17.
Nxg6+ Nxg6 18. Be3 Ne7 19. a4 c6 20. axb5 cxb5 21. Be6 Qc7 22. Qg4 Nb8 23. f4 Nbc6 24. Rad1 Rad8 25. Kh1 d5 26. fxe5 fxe5 27. Nh5 Ng6 28.
Bxd5 exd4 29. cxd4 Nb4 30. Bb3 Qc8 31. Qg5 Qd7 32. Ng3 Qe7 33. Nf5 Qxg5 34. Bxg5 Rde8 35. Nd6 1-0

[Event "*** SCC Grand Prix: Titled Tuesday Blitz"]
[Site "Chess.com"]
[Date "2020.08.04"]
[Round "8"]
[White "Chuchofrio1"]
[Black "davigator"]
[Result "0-1"]
[WhiteElo "2281"]
[BlackElo "2277"]
[TimeControl "180+1"]
[EndTime "15:17:34 PDT"]
[Termination "davigator won by resignation"]

1. e4 c5 2. Nc3 Nc6 3. Bb5 Nd4 4. Bc4 e6 5. Nge2 Nc6 6. O-O d6 7. d3 Nf6 8. Bg5 Be7 9. f4 O-O 10. a3 Rb8 11. Ng3 h6 12. Bxf6 Bxf6 13. f5 Nd4 14. Nh5 Be5 15. Qg4 Qg5 16. Qxg5 hxg5 17. Rac1 b5 18. Ba2 Bd7 19. fxe6 fxe6 20. Ng3 Bxg3 21. hxg3 Rxf1+ 22. Kxf1 Rf8+ 23. Ke1 Kh7 24. Ne2 Nc6 25.
Kd2 Kg6 26. Ke3 a5 27. c3 b4 28. d4 bxa3 29. bxa3 Rb8 30. dxc5 Rb2 31. Bc4 Ne5 32. Ba6 dxc5 33. Rd1 Rb6 34. Bd3 Kf6 35. Rf1+ Ke7 36. c4 Rb3 37. Rd1 Rxa3 38. Nc1 Nxc4+ 39. Kf2 Ne5 40.
Be2 Bc6 41. Nd3 Nxd3+ 42. Bxd3 Rc3 43. Be2 Bxe4 44. Ra1 Rc2 45. Ke3 Bxg2 46. Rxa5 Bd5 47. Ra7+ Kf6 48. Rc7 c4 49. Rc5 Ke5 50. Rc7 Kf6 51. g4 Rc3+ 52. Kd4 Rc2 53. Bf1 Rf2 54. Bh3 Rf4+ 55. Kc3 Rf3+ 56. Kd4 Rd3+ 57. Kc5 Rxh3 58.
Kb4 Rg3 59. Rc8 Rxg4 60. Rf8+ Ke5 61. Rf1 Rg3 62. Re1+ Kd6 63. Rc1 Rb3+ 64. Ka4 Kc5 65. Ra1 Bc6+ 66. Ka5 Rb8 0-1

[Event "*** SCC Grand Prix: Titled Tuesday Blitz"]
[Site "Chess.com"]
[Date "2020.08.04"]
[Round "8"]
[White "Sam_ChessMood"]
[Black "BeanScreen"]
[Result "1/2-1/2"]
[WhiteElo "2791"]
[BlackElo "2719"]
[TimeControl "180+1"]
[EndTime "15:17:35 PDT"]
[Termination "Game drawn by repetition"]

1. d4 d5 2. c4 dxc4 3. Nf3 a6 4. a4 Nf6 5. e3 e6 6. Bxc4 c5 7. O-O Nc6 8. Nc3 Be7 9. dxc5 Bxc5 10. Qxd8+ Kxd8 11.
b3 Na5 12. Nd2 Nxc4 13. Nxc4 Bd7 14. Bb2 Rc8 15. Ne5 Ke7 16. Nxd7 Kxd7 17. Rfd1+ Ke7 18. Rac1 Rhd8 19. Kf1 Bb4 20. Rxd8 Kxd8 21. Ke2 Rc6 22.
f3 Ke7 23. Na2 Rxc1 24. Bxc1 Bd6 25. g3 Nd5 26. e4 Nb4 27. Nxb4 Bxb4 28. Kd3 Kd6 29.
Bb2 e5 30. g4 b5 31. h4 g6 32. h5 g5 33. Bc1 f6 34. Be3 h6 35. Bb6 Kd7 36. Kc2 Be7 37. Kc3 Kc6 38. Be3 Bc5 39.
Bc1 Bd4+ 40. Kd3 Kb6 41. Ba3 Bc5 42. Bb2 Kc6 43. Bc3 Kb6 44. Bd2 Kc6 45. Be1 Kb6 46.
Bc3 Kc6 47. Bd2 Kb6 48. Bc3 Kc6 49. Bd2 Kb6 50. Bc3 1/2-1/2

[Event "*** SCC Grand Prix: Titled Tuesday Blitz"]
[Site "Chess.com"]
[Date "2020.08.04"]
[Round "8"]
[White "Firouzja2003"]
[Black "Alexander_Moskalenko"]
[Result "0-1"]
[WhiteElo "3018"]
[BlackElo "2842"]
[TimeControl "180+1"]
[EndTime "15:17:36 PDT"]
[Termination "Alexander_Moskalenko won on time"]

1. e4 c6 2. d4 d5 3. e5 Bf5 4. Nf3 e6 5. Be2 Ne7 6. c3 Ng6 7. O-O Nd7 8. Be3 f6 9. exf6 Qxf6 10. Nbd2 Bd6 11. Re1 O-O 12. Nf1 Rae8 13. Ng3 Bg4 14.
Qb3 Nf4 15. Bxf4 Bxf4 16. Qxb7 e5 17. h3 Rb8 18. Qa6 Bxf3 19. Bxf3 e4 20. Bg4 Rxb2 21. Nh5 Qd6 22. Re2 Rxe2 23. Qxe2 Bg5 24. Bxd7 Qxd7 25. Rb1 Bh4 26. Ng3 Qc7 27. Qg4 Bxg3 28. fxg3 Qe7 29.
Kh2 e3 30. Re1 Re8 31. Re2 a5 32. Qf5 a4 33. Qd3 h6 34. Qa6 Qe4 35. Qxc6 Rf8 36. Qb5 Rf2 37. Rxf2 exf2 0-1

[Event "*** SCC Grand Prix: Titled Tuesday Blitz"]
[Site "Chess.com"]
[Date "2020.08.04"]
[Round "8"]
[White "Bastiandash"]
[Black "Vladislav_Chizhikov"]
[Result "1-0"]
[WhiteElo "2328"]
[BlackElo "2443"]
[TimeControl "180+1"]
[EndTime "15:17:37 PDT"]
[Termination "Bastiandash won by checkmate"]

1. e4 e6 2. d4 d5 3. Bd3 dxe4 4. Bxe4 Nf6 5. Bf3 c5 6. Ne2 Qb6 7. O-O Nc6 8. Be3 Qxb2 9. Nbc3 cxd4 10. Rb1 Qa3 11.
Nb5 Qa5 12. Nexd4 Ne5 13. Bf4 Nfd7 14. Qe2 a6 15. Bxe5 axb5 16. Nxb5 Nxe5 17. Qxe5 f6 18. Qd4 Kf7 19. Rfd1 Be7 20. Nd6+ Bxd6 21. Qxd6 Ra7 22.
g3 Re8 23. Kg2 Qxa2 24. Qc7+ Kg8 25. Rd8 Rxd8 26. Qxd8+ Kf7 27. Qc7+ Kg6 28. Rb4 Ra5 29. h4 e5 30. h5+ Kh6 31. Qxc8 Ra3 32. Be4 Qa1 33.
Qf5 g6 34. hxg6 Qc1 35. Qh3+ Kg7 36. Qxh7+ Kf8 37. Qf7# 1-0

[Event "*** SCC Grand Prix: Titled Tuesday Blitz"]
[Site "Chess.com"]
[Date "2020.08.04"]
[Round "8"]
[White "KuzubovYuriy"]
[Black "DenLaz"]
[Result "1/2-1/2"]
[WhiteElo "2829"]
[BlackElo "2726"]
[TimeControl "180+1"]
[EndTime "15:17:40 PDT"]
[Termination "Game drawn by repetition"]

1. d4 d5 2. c4 c6 3. e3 Nf6 4.
Nc3 Bf5 5. Nf3 e6 6. Nh4 Be4 7. f3 Bg6 8. Qb3 Qc7 9. Bd2 Be7 10. g3 Nbd7 11. cxd5 Nxd5 12. Nxg6 hxg6 13. O-O-O O-O-O 14. Kb1 Kb8 15. e4 Nxc3+ 16. Bxc3 Bf6 17. Be2 Qb6 18. Qc4 Ka8 19. Qa4 Qc7 20. f4 Nb6 21. Qb3 c5 22. e5 Be7 23. dxc5 Qxc5 24. Bf3 Qc4 25. Qxc4 Nxc4 26.
Rxd8+ Rxd8 27. Rd1 Rxd1+ 28. Bxd1 Nb6 29. Bd4 Kb8 30.
Bf3 Kc7 31. Kc2 a6 32. g4 Nd7 33. h3 Bc5 34. Kd3 Bxd4 35. Kxd4 b6 36. b4 a5 37. a3 axb4 38. axb4 Nb8 39. Kc4 Nc6 40. Be4 Ne7 41. h4 Ng8 42. Kb5 Ne7 43. Bf3 Nc8 44. Ka6 Ne7 45. Kb5 Nc8 46. Kc4 Ne7 47. Be4 Ng8 48. Bd3 Ne7 49. Be4 1/2-1/2

[Event "*** SCC Grand Prix: Titled Tuesday Blitz"]
[Site "Chess.com"]
[Date "2020.08.04"]
[Round "8"]
[White "PotapovaM"]
[Black "Ole83"]
[Result "1-0"]
[WhiteElo "2540"]
[BlackElo "2339"]
[TimeControl "180+1"]
[EndTime "15:17:41 PDT"]
[Termination "PotapovaM won on time"]

1. d4 Nf6 2. c4 e6 3. Nf3 b6 4. Bf4 Bb7 5. e3 Bb4+ 6. Nfd2 O-O 7. a3 Be7 8. Nc3 d6 9. Qc2 Nbd7 10. Bd3 e5 11. Bg3 Re8 12. O-O-O Bf8 13. d5 a6 14. Bh4 Be7 15. g4 Nf8 16. g5 N6d7 17. f4 exf4 18. exf4 b5 19. cxb5 Nc5 20. Bc4 Qd7 21.
f5 axb5 22. Bxb5 c6 23. dxc6 Bxc6 24. Bxc6 Qxc6 25. f6 Ng6 26. Bg3 Bf8 27. h4 Re3 28. h5 Rxg3 29. hxg6 fxg6 30. f7+ Kxf7 31. Rxh7 Nd3+ 32. Kb1 Rb8 33. Nb3 Nxb2 34. Kxb2 Rg2 35.
Rd2 Rxd2 36. Qxd2 Qc4 37. Qd5+ Qxd5 38. Nxd5 Ke6 39. Nc3 1-0

[Event "*** SCC Grand Prix: Titled Tuesday Blitz"]
[Site "Chess.com"]
[Date "2020.08.04"]
[Round "8"]
[White "ketster"]
[Black "Martins-BR"]
[Result "1-0"]
[WhiteElo "2386"]
[BlackElo "2217"]
[TimeControl "180+1"]
[EndTime "15:17:42 PDT"]
[Termination "ketster won on time"]

1. d4 f5 2. c4 Nf6 3. Nc3 d6 4. Nf3 g6 5. e3 Bg7 6. b4 O-O 7.
Bb2 c6 8. Be2 Qe8 9. O-O e5 10.
dxe5 dxe5 11. Qb3 Na6 12. Rad1 e4 13. Nd4 Be6 14. Nxe6 Qxe6 15. Ba3 Rfd8 16. b5 cxb5 17.
cxb5 Qxb3 18. axb3 Nc7 19. Bc4+ Kh8 20. Bd6 Nce8 21.
Be5 Ng4 22. Bxg7+ Kxg7 23. Rxd8 Rxd8 24. Ra1 Ra8 25. Nd5 Ne5 26. Bf1 Nd7 27. f3 exf3 28. gxf3 Nd6 29. Kf2 Rc8 30. Rxa7 Rc2+ 31. Be2 h5 32.
Ra8 Rb2 33. Rd8 Ne5 34. Rxd6 Rxb3 35. Nc7 Rb2 36. Kf1 h4 37. h3 Kh6 38. f4 1-0

[Event "*** SCC Grand Prix: Titled Tuesday Blitz"]
[Site "Chess.com"]
[Date "2020.08.04"]
[Round "8"]
[White "kosya4ok"]
[Black "RaphCamora"]
[Result "1-0"]
[WhiteElo "2715"]
[BlackElo "2455"]
[TimeControl "180+1"]
[EndTime "15:17:44 PDT"]
[Termination "kosya4ok won on time"]

1. d4 d5 2. c4 e6 3. Nf3 Nf6 4. Nc3 dxc4 5. e4 b5 6. e5 Nd5 7.
Nxb5 Nb6 8. Be2 Nc6 9. O-O Be7 10. Qd2 Bb7 11. Qf4 O-O 12. Qg3 Kh8 13. Rd1 Rb8 14. b3 a6 15. Nc3 cxb3 16. axb3 Nb4 17. Ng5 h6 18. Nf3 Bxf3 19. Bxf3 Nc2 20. Ra2 Nxd4 21. Be4 c5 22. Bb1 Bg5 23. f4 Bh4 24. Qd3 g6 25. Qh3 Kg7 26. g3 Nd5 27. Ne4 Be7 28. Rf2 Rxb3 29.
f5 Nxf5 30. Rxf5 Rh8 31. Rxf7+ Kxf7 32. Rf1+ Kg7 33. Qxe6 Rf8 34. Nf6 Rxb1 35. Bxh6+ Kxh6 36. Qh3+ 1-0

[Event "*** SCC Grand Prix: Titled Tuesday Blitz"]
[Site "Chess.com"]
[Date "2020.08.04"]
[Round "8"]
[White "Belka1989"]
[Black "Klavdia_Nik"]
[Result "0-1"]
[WhiteElo "2256"]
[BlackElo "2022"]
[TimeControl "180+1"]
[EndTime "15:17:51 PDT"]
[Termination "Klavdia_Nik won by checkmate"]

1. d4 Nf6 2. Nf3 c5 3. c3 b6 4.
Bf4 Bb7 5. e3 g6 6. Nbd2 Bg7 7.
Be2 O-O 8. h3 d6 9. O-O Nbd7 10.
Re1 e5 11. dxe5 Nd5 12. exd6 Nxf4 13. exf4 Qf6 14. Qa4 Qxd6 15. Rad1 Qc7 16. Bb5 Nf6 17. Ne5 a6 18. Be2 b5 19. Qc2 Nd5 20. g3 Bxe5 21. fxe5 Qxe5 22. Bf3 Qc7 23. Nb3 Rad8 24. Bxd5 Bxd5 25.
Nd2 Kg7 26. Ne4 h6 27. Nd2 Bb7 28. Re3 Qc6 29. Nf3 Rde8 30. Rde1 Rxe3 31. Rxe3 h5 32. Qe2 c4 33. Re7 Qxf3 34. Qe5+ Kg8 35. Kf1 Qd1+ 36. Qe1 Qd3+ 37. Kg1 Qf3 38. h4 Qg2# 0-1

[Event "*** SCC Grand Prix: Titled Tuesday Blitz"]
[Site "Chess.com"]
[Date "2020.08.04"]
[Round "8"]
[White "Robert_Chessmood"]
[Black "RobertoJBM"]
[Result "1/2-1/2"]
[WhiteElo "2944"]
[BlackElo "2711"]
[TimeControl "180+1"]
[EndTime "15:17:52 PDT"]
[Termination "Game drawn by repetition"]

1. e4 c6 2. Nf3 d5 3. d3 dxe4 4. dxe4 Qxd1+ 5. Kxd1 Bg4 6. Be2 Nd7 7. Ne1 Bxe2+ 8. Kxe2 e6 9. Nd3 Nc5 10. f3 Nxd3 11.
cxd3 Bc5 12. Nd2 Ne7 13. Nc4 O-O-O 14. Rb1 Ng6 15. b4 Bd4 16. Bd2 Ne5 17. Rhc1 Nxc4 18.
Rxc4 a6 19. a4 e5 20. b5 axb5 21. axb5 c5 22. b6 Kd7 23. Be3 Rc8 24. Bxd4 cxd4 25.
Rb5 Rxc4 26. dxc4 f6 27. f4 exf4 28. Kd3 Kc6 29. Rd5 Ra8 30. c5 Ra2 31. Kc4 Rc2+ 32. Kb4 Rb2+ 33. Kc4 Rc2+ 34. Kxd4 Rxg2 35. Kc4 Rc2+ 36.
Kb4 Rb2+ 37. Kc4 Rc2+ 38. Kb4 Rb2+ 39. Kc3 Rxh2 40. Kc4 Rc2+ 41. Kb4 Rb2+ 42. Kc4 Rc2+ 43. Kb4 Rb2+ 44. Kc4 Rc2+ 1/2-1/2

[Event "*** SCC Grand Prix: Titled Tuesday Blitz"]
[Site "Chess.com"]
[Date "2020.08.04"]
[Round "8"]
[White "Isajevsky_Anton"]
[Black "Sekar24"]
[Result "1-0"]
[WhiteElo "2590"]
[BlackElo "2466"]
[TimeControl "180+1"]
[EndTime "15:17:52 PDT"]
[Termination "Isajevsky_Anton won by resignation"]

1. c4 Nf6 2. Nc3 e5 3. Nf3 Nc6 4. e3 Bb4 5. Nd5 d6 6. Nxb4 Nxb4 7. a3 Nc6 8. Qc2 e4 9. Ng1 Ne5 10. b3 Bf5 11. Bb2 O-O 12. f4 Nd3+ 13. Bxd3 exd3 14. Qc3 Be4 15. Nf3 Qd7 16. O-O Qg4 17. Rf2 h6 18.
h3 Qg6 19. Kh2 Qh5 20. Kh1 c6 21. Rg1 Rfd8 22. Qd4 c5 23. Qc3 a6 24. a4 b5 25.
cxb5 axb5 26. axb5 Rab8 27. b4 Rxb5 28. bxc5 Rxc5 29. Qb4 Ng4 30. Rff1 f5 31. Qd4 Rd7 32. Bc3 Rd5 33. Qa4 Rf7 34. Qe8+ Kh7 35. Qe6 Rc5 36.
Bd4 Rc2 37. Bc3 Ra2 38. Qxa2 1-0

[Event "*** SCC Grand Prix: Titled Tuesday Blitz"]
[Site "Chess.com"]
[Date "2020.08.04"]
[Round "8"]
[White "Zarikovs1999"]
[Black "Slovak_fighter2000"]
[Result "0-1"]
[WhiteElo "2384"]
[BlackElo "2463"]
[TimeControl "180+1"]
[EndTime "15:17:52 PDT"]
[Termination "Slovak_fighter2000 won by checkmate"]

1. e4 g6 2. d4 Bg7 3. Nc3 d6 4. Be3 a6 5. Qd2 b5 6. Bd3 Bb7 7. a4 b4 8. Nd5 a5 9. c3 e6 10.
Nf4 Nf6 11. f3 bxc3 12. bxc3 O-O 13. Nge2 Nbd7 14. O-O e5 15. Nh3 d5 16. Rab1 Bc6 17.
exd5 Nxd5 18. Bh6 Re8 19. Bb5 Bxb5 20. Rxb5 N7b6 21. Bxg7 Kxg7 22. dxe5 Rxe5 23. c4 c6 24. Qd4 f6 25. Rb2 Nb4 26. Qc3 Nxa4 27. Qa3 Nxb2 28. Qxb2 Qb6+ 29. Kh1 a4 30. Rd1 a3 31. Rd7+ Kg8 32.
Qb3 Qc5 33. Rd2 a2 34. Rxa2 Rxa2 35. Nhg1 Raxe2 36. Nxe2 Rxe2 37. h4 Re1+ 38. Kh2 Qg1+ 39.
Kg3 Qc5 40. Kh2 Re7 41. Qd1 Qxc4 42. Qd8+ Kf7 43. Qh8 Qxh4+ 44. Kg1 Re1# 0-1

[Event "*** SCC Grand Prix: Titled Tuesday Blitz"]
[Site "Chess.com"]
[Date "2020.08.04"]
[Round "8"]
[White "rasmussvane"]
[Black "Parhamov"]
[Result "0-1"]
[WhiteElo "2871"]
[BlackElo "3032"]
[TimeControl "180+1"]
[EndTime "15:17:55 PDT"]
[Termination "Parhamov won on time"]

1. Nf3 Nf6 2. g3 c5 3. Bg2 Nc6 4. c4 d5 5. cxd5 Nxd5 6. Nc3 Nc7 7. a3 e5 8. b4 f6 9. Rb1 cxb4 10. axb4 a6 11.
b5 axb5 12. Nxb5 Nxb5 13. Rxb5 Be7 14. O-O O-O 15. Bb2 Rf7 16. Qb1 Be6 17. Rxb7 Na5 18. Rb5 Nc4 19. Bc1 Rc8 20. d3 Na3 21. Bxa3 Bxa3 22. Nd2 Ra7 23. Nc4 Bc5 24. Rc1 Bd7 25. Rb7 Be6 26. Rxa7 Bxa7 27. Nd2 Rb8 28. Qa1 Bd4 29.
Qa6 Qe8 30. Ne4 Rb6 31. Qa5 Rb2 32. e3 Bb6 33. Qc3 Rb3 34. Qc2 Qd8 35. Bf1 Rb4 36.
Nc5 Bf7 37. Na6 Rb3 38. Rb1 Rxb1 39. Qxb1 f5 40. Nb4 Qd6 41. Nc2 f4 42. Qb4 Qxb4 43. Nxb4 fxe3 44. fxe3 Bxe3+ 45. Kg2 Bc5 46. Nc2 Bd5+ 47. Kh3 Kf7 48. g4 Kf6 49. Bg2 Bb3 50. Ne1 h5 51. Bf3 Bf2 52. Ng2 Kg5 53. Be2 Be6 54.
Ne1 Bxe1 55. Kg2 Bxg4 56. h4+ Kxh4 0-1

[Event "*** SCC Grand Prix: Titled Tuesday Blitz"]
[Site "Chess.com"]
[Date "2020.08.04"]
[Round "8"]
[White "ajdemipopushi"]
[Black "AbigailCabezas"]
[Result "1-0"]
[WhiteElo "2257"]
[BlackElo "1385"]
[TimeControl "180+1"]
[EndTime "15:17:56 PDT"]
[Termination "ajdemipopushi won by checkmate"]

1. Nf3 e6 2. g3 d5 3. c4 Nf6 4. Bg2 Be7 5. O-O O-O 6. d4 c5 7. cxd5 exd5 8. Nc3 Nc6 9. dxc5 Bxc5 10. Bg5 h6 11.
Bxf6 Qxf6 12. Qxd5 Be7 13. Rfd1 Be6 14. Qb5 Rab8 15. Nd5 Bxd5 16. Rxd5 a6 17. Qb3 Nb4 18. Rd2 Rfd8 19. Rad1 b6 20. a3 Nc6 21. e3 b5 22.
Nd4 Nxd4 23. Rxd4 Qb6 24. Bd5 Rf8 25. Rc1 Bf6 26. Rf4 Qd6 27. Rc6 Qe5 28. Rxa6 Qxb2 29. Qxb2 Bxb2 30. Ra7 Bf6 31. h4 Kh8 32. Rxf7 Rxf7 33.
Bxf7 Rd8 34. Rf5 Rd1+ 35. Kg2 Rb1 36. Bg6 Kg8 37. Rxf6 gxf6 38. Bxb1 Kg7 39. Bd3 Kf7 40. Bxb5 Ke6 41. Kf3 Ke5 42. a4 f5 43. a5 h5 44.
a6 Kd6 45. a7 Kc5 46. a8=Q Kxb5 47. Qd5+ Kb4 48. Ke2 Kc3 49. Kd1 Kb4 50. Kc2 Ka4 51.
Qb7 Ka5 52. Kc3 Ka4 53. Qa6# 1-0

[Event "*** SCC Grand Prix: Titled Tuesday Blitz"]
[Site "Chess.com"]
[Date "2020.08.04"]
[Round "8"]
[White "dosto07"]
[Black "GianmarcoVaR"]
[Result "0-1"]
[WhiteElo "2288"]
[BlackElo "2446"]
[TimeControl "180+1"]
[EndTime "15:17:58 PDT"]
[Termination "GianmarcoVaR won by resignation"]

1. d4 Nf6 2. Nf3 e6 3. g3 b6 4. Bg2 Bb7 5. O-O Be7 6. c4 O-O 7. Nc3 Ne4 8. Bd2 Bf6 9. Nxe4 Bxe4 10. Bc3 d6 11. Qd2 Nd7 12. Rfd1 Qe7 13. Ne1 Bxg2 14. Nxg2 a5 15. b3 Rfd8 16. Rac1 Rac8 17. Ne3 Bg5 18. f4 Bh6 19. Ng4 f5 20. Nxh6+ gxh6 21. Qd3 Nf6 22. d5 Ne4 23. dxe6 Qxe6 24. Ba1 Kf7 25. Qd4 Rg8 26.
Qd5 h5 27. Rd3 h4 28. Kg2 Rg6 29. Re3 hxg3 30. hxg3 Rcg8 31. Rxe4 fxe4 32. Rc3 Rh6 33. Re3 Qxd5 34. cxd5 Rh5 35. Rxe4 Rxd5 36. Bc3 Re8 37. Rxe8 Kxe8 38. Kf3 Rc5 39. Bd4 Rc2 40. a4 c5 41. Bh8 d5 42. g4 Kf7 43. f5 d4 44.
Be5 Rc3+ 45. Kf4 Rxb3 46. g5 Re3 47. Bc7 Rxe2 48. Bxb6 d3 49. Kf3 Rc2 50. Ke3 c4 51.
Bd4 Re2+ 52. Kf3 Re8 53. Bc3 Rd8 54. Ke3 Rd5 55. Bd2 Rxf5 56. Kd4 Rf2 57. Kc3 Kg6 58. Be3 Rc2+ 59. Kd4 d2 0-1

[Event "*** SCC Grand Prix: Titled Tuesday Blitz"]
[Site "Chess.com"]
[Date "2020.08.04"]
[Round "8"]
[White "superchess02"]
[Black "OK97"]
[Result "1-0"]
[WhiteElo "2731"]
[BlackElo "2802"]
[TimeControl "180+1"]
[EndTime "15:17:59 PDT"]
[Termination "superchess02 won by checkmate"]

1. e4 g6 2. d4 Bg7 3. c4 e6 4. Nc3 Ne7 5. Be3 d5 6. f3 c5 7.
Nge2 Nbc6 8. cxd5 exd5 9. exd5 Nxd5 10. Nxd5 Qxd5 11. Nf4 Qd8 12. dxc5 Qa5+ 13. Bd2 Qxc5 14. Qe2+ Qe5 15. Bc3 Qxe2+ 16. Nxe2 O-O 17. Bxg7 Kxg7 18.
Kf2 Rd8 19. b3 Rd2 20. Ke3 Rb2 21. Ng3 Nb4 22. Rd1 Be6 23. Bc4 Bxc4 24. bxc4 Re8+ 25. Kf4 Rc2 26. Rd7 Rxc4+ 27. Ne4 Kf8 28. Kg3 Re7 29. Rd8+ Kg7 30. Rhd1 Nc6 31. R8d7 Kf8 32. Rxe7 Kxe7 33.
Nd6 Rb4 34. Nc8+ Kf8 35. Rd7 Rb2 36. Nd6 Ne5 37. Rc7 Rxa2 38. Kf4 Nd3+ 39. Kg5 Rxg2+ 40. Kf6 Nf4 41. Rc8# 1-0